 Dungeon Crawl Stone Soup version 0.28.0 (webtiles) character file.

Game seed: 14441782941434682524

94 AmazingTV the Skirmisher (level 4, -8/40 HPs)
             Began as a Minotaur Fighter on July 13, 2022.
             Mangled by Grinder (9 damage)
             ... on level 2 of the Dungeon.
             The game lasted 00:03:37 (2266 turns).

AmazingTV the Skirmisher (Minotaur Fighter)         Turns: 2266, Time: 00:03:38

Health: -8/40      AC:  8    Str: 20    XL:     4   Next: 38%
Magic:  3/3        EV:  9    Int:  5    God:
Gold:   133        SH:  5    Dex: 12    Spells: 3/3 levels left

rFire   . . .      SeeInvis .   a - +0 long sword {long}
rCold   . . .      Faith    .   c - +0 buckler
rNeg    . . .      Spirit   .   b - +0 scale mail
rPois   .          Reflect  .   (helmet restricted)
rElec   .          Harm     .   (no cloak)
rCorr   .          Rampage  .   l - +0 pair of gloves
Will    .....                   (no boots)
Stlth   ..........              (no amulet)
HPRegen 0.13/turn               (no ring)
MPRegen 0.08/turn               (no ring)

@: mighty
A: horns 2, retaliatory headbutt
a: no special abilities


You were on level 2 of the Dungeon.
You visited 1 branch of the dungeon, and saw 3 of its levels.

You collected 133 gold pieces.


Innate Abilities, Weirdness & Mutations

You have a pair of horns on your head.
You reflexively headbutt those who attack you in melee.


   Skills:
 + Level 4.1 Fighting
 + Level 1.4(2.4) Short Blades
 + Level 3.3(3.5) Long Blades
 + Level 4.0 Armour
 + Level 1.3 Dodging
 + Level 1.1 Stealth
 + Level 4.0 Shields


You had 3 spell levels left.
You didn't know any spells.
Your spell library contained the following spells:

 Spells                   Type           Power      Damage    Failure   Level
 Blink                    Tloc           0%         N/A       96%         2
 Static Discharge         Conj/Air       0%         N/A       96%         2
 Lesser Beckoning         Tloc           0%         N/A       99%         3
 Ozocubu's Armour         Ice            0%         N/A       99%         3
 Lightning Bolt           Conj/Air       0%         1d11      100%        5
 Manifold Assault         Tloc           0%         N/A       100%        5
 Metabolic Englaciation   Hex/Ice        0%         N/A       100%        5
 Simulacrum               Ice/Necr       0%         N/A       100%        6
 Maxwell's Capacitive Co  Air            0%         ∞         100%        8

Inventory:

Hand Weapons
 a - a +0 long sword (weapon) {long}
Missiles
 e - 2 boomerangs (quivered)
 f - 11 arrows
 j - 59 stones
Armour
 b - a +0 scale mail (worn)
 c - a +0 buckler (worn)
 l - a +0 pair of gloves (worn)
   (You found it on level 2 of the Dungeon)
Scrolls
 g - 4 scrolls of identify {unknown}
 h - a scroll of enchant weapon {unknown}
 i - a scroll of teleportation {unknown}
 k - a scroll of fog {unknown}
 n - a scroll of holy word {unknown}
 o - a scroll of fear {unknown}
Potions
 m - a potion of haste {unknown}

Dungeon Overview and Level Annotations

Branches:
Dungeon (3/15)

Altars:

Annotations:
D:2 Grinder
D:3 Sigmund

####...########.# #.# #.
#8...8#.......# #.# #.
##...##.......# #.###.
#...###......###########.....
#####...###...<...............#..
...#8...8###+#+#.############.#..
...##...##.#..................#..
....#)..#........5...............
....#...........@########.......#
....#......############ #.#######
.....#.#####..........# #.#
.....#.# #.########.# #.#
+#'#.#.# #.# #.# #.# .#.#.#.# #.#
#.###.# .....#.# #.# #.....#
##.###.# #.# #######
##.....#####.#


You could see Grinder.


Message History

Found an escape hatch in the floor. 😎 HP[+4]
Your hp is fully restored (40).
There is an escape hatch in the floor here.
You see here a +0 dagger {short}.
There is a shaft here.
A rat comes into view.
You closely miss the rat. You headbutt the rat, but do no damage.
You block the rat's attack.
You barely miss the rat. The rat bites you but does no damage.
You slash the rat!
You kill the rat!
No target in view!
You see here a rat corpse.
You see here a rat corpse.
A kobold comes into view. It is wielding a +0 dagger.
The kobold shouts!
The kobold throws a stone.
The stone hits you but does no damage.
A quokka comes into view.
The kobold barely misses you. You furiously retaliate!
You headbutt the kobold.
You kill the kobold!
A quokka is nearby!
The quokka misses you.
You barely miss the quokka. You block the quokka's attack.
The quokka bites you but does no damage.
You miss the quokka.
The quokka bites you but does no damage.
You hit the quokka. Your headbutt misses the quokka. The quokka bites you.
The quokka bites you but does no damage. 😕 HP[-4]
You take 4 damage, and now have 36/40 hp.
You slash the quokka!
You kill the quokka!
j - 59 stones (gained 5)
Things that are here:
a +0 dagger {short}; a kobold corpse 😎 HP[+4]
Your hp is fully restored (40).
You now have 133 gold pieces (gained 16).
There is an open door here.
There is an open door here.
There is an open door here.
There is an open door here.
You open the door.
There is an open door here.
You pick up a book of Winter and begin reading...
You add the spells Ozocubu's Armour, Metabolic Englaciation and Simulacrum to your library.
Found an escape hatch in the ceiling.
There is an escape hatch in the ceiling here.
Done exploring.
Done exploring.
(D) Dungeon
Where to? (Enter - D:2, ? - help)
What level of the Dungeon? (default 1, ? - help)
There is an escape hatch in the ceiling here.
There is a stone staircase leading down here.
You climb downwards.
Sigmund shouts!
Grinder shouts!
The hound barks!
The endoplasm quivers.
Found 3 smoky brown potions and a scroll labelled PEIMERI CUGE.
Found a stone staircase leading down.
There is a stone staircase leading up here.
There are monsters nearby!
You can't go down here!
Grinder gestures at you. Pain shoots through your body!
You block Sigmund's attack.
You climb upwards.
There is a stone staircase leading down here. 😕 HP[-4]
You take 4 damage, and now have 36/40 hp.
You hit Grinder but do no damage. You headbutt Grinder, but do no damage.
Grinder gestures at you. You resist with significant effort.
You barely miss Grinder. Grinder gestures at you.
Pain shoots through your body! 😮 HP[-13]
You take 13 damage, and now have 23/40 hp.
MASSIVE DAMAGE!! (PAUSE)
You closely miss Grinder. Grinder hits you!
* * * LOW HITPOINT WARNING * * *
You writhe in agony.
* * * LOW HITPOINT WARNING * * *
😱 HP[-13]
You take 13 damage, and now have 10/40 hp.
MASSIVE DAMAGE!! (PAUSE)
You feel very mighty all of a sudden. Grinder hits you.
* * * LOW HITPOINT WARNING * * *
😱 HP[-2]
You take 2 damage, and now have 8/40 hp.
You barely miss Grinder. Grinder gestures at you.
Pain shoots through your body!
* * * LOW HITPOINT WARNING * * *
😱 HP[-7]
You take 7 damage, and now have 1/40 hp.
You hit Grinder. You headbutt Grinder! Grinder hits you but does no damage.
Grinder hits you!
You die...

Skill      XL: |  1  2  3 |
---------------+----------+-----
Fighting       | 4 |  4.1
Short Blades   | 1 |  1.4
Long Blades    | 3 |  3.3
Dodging        | 1 |  1.3
Stealth        | 1 |  1.1
Shields        | 4 |  4.0
Armour         | 4 |  4.0

Action                   |  1- 3 |  4- 6 || total
-------------------------+-------+-------++-------
Melee: Long sword        |    72 |    30 ||   102
       Headbutt          |    10 |     7 ||    17
Throw: Boomerang         |     2 |       ||     2
  Use: Potion            |       |     1 ||     1
Armor: Scale mail        |    27 |    16 ||    43
Dodge: Dodged            |    36 |     7 ||    43
Block: Buckler           |    13 |     7 ||    20

Levels and vault maps discovered:
D:1:      lightli_arrival_quake, layout_loops_ring,
          ebering_ecumenical_altar_rust
D:2:      layout_basic, serial_corexii_hall, chequers_hall_statues_y,
          corexii_hall_statues_x, corexii_hall_statues_x,
          corexii_hall_statues_x, corexii_hall_statues_l,
          chequers_hall_statues_y, uniq_terence
D:3:      layout_rooms, uniq_sigmund, uniq_grinder

Notes
Turn   | Place    | Note
-------+----------+-------------------------------------------
     0 | D:1      | AmazingTV the Minotaur Fighter began the quest for the Orb.
     0 | D:1      | Reached XP level 1. HP: 19/19 MP: 0/0
     0 | D:1      | magus.rc [v1.9.6]
   159 | D:1      | Reached XP level 2. HP: 26/27 MP: 1/1
   234 | D:1      | You pick up a book of Spatial Translocations and begin
                  | reading...
   234 | D:1      | You add the spells Blink, Lesser Beckoning and Manifold
                  | Assault to your library.
   240 | D:1      | You pick up a book of Lightning and begin reading...
   240 | D:1      | You add the spells Static Discharge, Lightning Bolt and
                  | Maxwell's Capacitive Coupling to your library.
   602 | D:1      | Reached XP level 3. HP: 29/33 MP: 2/2
   693 | D:1      | Found a faded altar of an unknown god.
  1054 | D:2      | Noticed Terence
  1070 | D:2      | Killed Terence
  1071 | D:2      | Reached skill level 4 in Fighting
  1071 | D:2      | Reached skill level 1 in Short Blades
  1071 | D:2      | Reached skill level 3 in Long Blades
  1071 | D:2      | Reached skill level 1 in Dodging
  1071 | D:2      | Reached skill level 1 in Stealth
  1071 | D:2      | Reached skill level 4 in Shields
  1300 | D:2      | Reached skill level 4 in Armour
  1400 | D:2      | Reached XP level 4. HP: 33/40 MP: 3/3
  2132 | D:2      | You pick up a book of Winter and begin reading...
  2132 | D:2      | You add the spells Ozocubu's Armour, Metabolic Englaciation
                  | and Simulacrum to your library.
  2258 | D:3      | Noticed Sigmund
  2258 | D:3      | Noticed Grinder
  2263 | D:2      | HP: 10/40 [Grinder (6)]
  2265 | D:2      | HP: 1/40 [Grinder/nerve-wracking pain (8)]
  2266 | D:2      | Mangled by Grinder

Vanquished Creatures
  Terence (D:2)
  2 adders (D:2)
  2 dart slugs
  A worm (D:2)
  5 endoplasms (D:1)
  2 goblins (D:1)
  7 hobgoblins
  2 jackals (D:1)
  4 kobolds
  2 quokkas
  5 ball pythons
  5 bats
  2 frilled lizards (D:1)
  3 rats
43 creatures vanquished.

Table legend:
 A = Non-vault XP
 B = Vault XP
 C = Vault XP percentage of total XP
 D = Non-vault monster count
 E = Vault monster count
 F = Vault count percentage of total count
                 A         B        C        D         E       F
            +---------+---------+-------+---------+---------+-------
      Total |      99 |      36 |  26.7 |      42 |       1 |   2.3
            +---------+---------+-------+---------+---------+-------
        D:1 |      44 |       0 |   0.0 |      25 |       0 |   0.0
        D:2 |      55 |      36 |  39.6 |      17 |       1 |   5.6
            +---------+---------+-------+---------+---------+-------

Illustrated notes

Table legend:
 A = Kills in this place as a percentage of kills in entire the game.
 B = Kills by you in this place as a percentage of kills by you in the entire game.
 C = Kills by friends in this place as a percentage of kills by friends in the entire game.
 D = Other kills in this place as a percentage of other kills in the entire game.
 E = Experience gained in this place as a percentage of experience gained in the entire game.
 F = Experience gained in this place divided by the number of levels of this place that you have seen.
                   A       B       C       D       E      F
               +-------+-------+-------+-------+-------+----------------------
         Total | 100.0 | 100.0 |   N/A |   N/A | 100.0 |  45.0
       Dungeon | 100.0 | 100.0 |   N/A |   N/A | 100.0 |  45.0
               +-------+-------+-------+-------+-------+----------------------

Table legend: (Time is in decaauts)
 A = Elapsed time spent in this place.
 B = Non-inter-level travel time spent in this place.
 C = Inter-level travel time spent in this place.
 D = Time resting spent in this place.
 E = Time spent auto-exploring this place.
 F = Levels seen in this place.
 G = Mean time per level.
                   A        B        C        D        E       F      G
               +--------+--------+--------+--------+--------+-----+--------+
         Total |   2295 |   2229 |     66 |    187 |   1761 |   3 |  765.0 |
       Dungeon |   2295 |   2229 |     66 |    187 |   1761 |   3 |  765.0 |
               +--------+--------+--------+--------+--------+-----+--------+

Top non-repeatable levels by time:
     D:2: 1366 daAuts
     D:1: 927 daAuts
     D:3: 1 daAuts
